 Dungeon Crawl Stone Soup version 0.31-a0-949-g57150269e1 (webtiles) character file.

Game seed: 10259858072687750176

61 mightbedylan the Magician (level 4, -7/30 HPs)
             Began as a Human Hedge Wizard on Oct 20, 2023.
             Mangled by Crazy Yiuf
             ... wielding a +4 quarterstaff of chaos
              (13 damage)
             ... on level 2 of the Dungeon on Oct 21, 2023.
             The game lasted 00:17:36 (2102 turns).

mightbedylan the Magician (Human Hedge Wizard)      Turns: 2102, Time: 00:17:37

Health: -7/30      AC:  2    Str: 10    XL:     4   Next: 27%
Magic:  5/9        EV: 12    Int: 16    God:
Gold:   129        SH:  0    Dex: 16    Spells: 4/9 levels left

rFire   . . .        f - +7 sling "Piffut" {elec, Dex+3}
rCold   . . .        (no shield)
rNeg    . . .        b - +0 robe
rPois   .            c - +0 hat
rElec   .            (no cloak)
rCorr   .            (no gloves)
SInv    .            (no boots)
Will    .....        (no amulet)
Stlth   ++           (no ring)
HPRegen 0.25/turn    (no ring)
MPRegen 0.11/turn

%: no passive effects
@: on blink cooldown
A: no striking features
a: no special abilities


You were on level 2 of the Dungeon.
You visited 1 branch of the dungeon, and saw 2 of its levels.

You collected 129 gold pieces.

Inventory:

Hand Weapons
 a - a +0 dagger
 f - the +7 sling "Piffut" (weapon) {elec, Dex+3}
   (You found it on level 2 of the Dungeon)

   Dex+3:     It affects your dexterity (+3).
 h - a +2 dagger of pain
Armour
 b - a +0 robe (worn)
 c - a +0 hat (worn)
Talismans
 e - a storm talisman
Scrolls
 g - a scroll of immolation
 j - 2 scrolls of teleportation
 k - a scroll of amnesia {unknown}
 l - a scroll of blinking {unknown}
 m - a scroll of poison {unknown}
 n - a scroll of identify
Potions
 d - a potion of magic
 i - a potion of haste {unknown}


   Skills:
 + Level 0.1 Ranged Weapons
 + Level 2.4 Dodging
 - Level 2.5 Stealth
 + Level 3.3 Spellcasting
 + Level 1.5 Conjurations
 + Level 1.5 Summonings
 + Level 1.8 Translocations


You had 4 spell levels left.
You knew the following spells:

 Your Spells              Type           Power      Damage    Failure   Level
a - Magic Dart            Conj           28%        1d4       10%         1
b - Blink                 Tloc           16%        N/A       13%         2
c - Call Imp              Summ           14%        N/A       14%         2

Your spell library contained the following spells:

 Spells                   Type           Power      Damage    Failure   Level
 Lesser Beckoning         Tloc           16%        N/A       13%         2
 Momentum Strike          Conj/Tloc      16%        3d8       14%         2
 Slow                     Hex            8%         N/A       19%         1
 Cigotuvi's Dreadful Rot  Necr/Pois/Air  4%         N/A       26%         2
 Mephitic Cloud           Conj/Pois/Air  4%         N/A       41%         3


Dungeon Overview and Level Annotations

Branches:
Dungeon (2/15)

Altars:

Annotations:
D:2 Crazy Yiuf


Message History

Crazy Yiuf sings, "Trees, trees, trees, circus!"
You open the door.
Crazy Yiuf whimpers, "Dawk!
Rifle chair mumblescurry."
You shoot a sling bullet.
The sling bullet closely misses Crazy Yiuf.
Crazy Yiuf screams, "Island senile ragdoll!"
Crazy Yiuf barely misses you.
Casting: Magic Dart (safe; 10% risk of failure)
Confirm with . or Enter, or press ? or * to list all spells.
A tiny devil pulls itself out of the air.
Crazy Yiuf hits you with a +4 quarterstaff of chaos.
You shoot a sling bullet. The sling bullet hits Crazy Yiuf!
Crazy Yiuf is severely wounded.
Crazy Yiuf misses you.
Your cerulean imp hits Crazy Yiuf but does no damage.
Crazy Yiuf laughs, "Liver head sing!"
Crazy Yiuf hits your cerulean imp with a +4 quarterstaff of chaos!
Crazy Yiuf burns your cerulean imp.
Your cerulean imp dies!
Your cerulean imp disappears in a puff of smoke!
Crazy Yiuf shouts!
You shoot a sling bullet. The sling bullet hits Crazy Yiuf.
Crazy Yiuf is severely wounded.
Crazy Yiuf hits you with a +4 quarterstaff of chaos!
Crazy Yiuf burns you.
You shoot a sling bullet.
The sling bullet barely misses Crazy Yiuf.
Crazy Yiuf hits you with a +4 quarterstaff of chaos!
* * * LOW HITPOINT WARNING * * *
Crazy Yiuf burns you.
* * * LOW HITPOINT WARNING * * *
Casting: Call Imp (safe; 14% risk of failure)
Confirm with . or Enter, or press ? or * to list all spells.
You blink.
Casting: Blink (safe; 13% risk of failure)
Confirm with . or Enter, or press ? or * to list all spells.
You are still too unstable to blink.
Crazy Yiuf attacks as he pursues you!
Crazy Yiuf hits you with a +4 quarterstaff of chaos!
You die...

♣♣.♣♣
#.###..>.#..
♣.♣♣
##......##..
♣♣.♣
#.....#####.
♣.♣♣
#.#########.
♣♣.♣
#.###...<.##
##'##
#.....######
#...# #.##### #
#.g.# #.# ##
#.@)# #.## #.
##### #..# #.
#..# #. ##..#
#.
#...########.
#............
#..####.#####
#####.......##
#......###.#.##


You could see Crazy Yiuf.

Vanquished Creatures
  2 dart slugs
  6 ball pythons
  6 endoplasms
  5 giant cockroaches
  5 goblins
  4 hobgoblins
  2 jackals (D:2)
  A quokka (D:1)
  8 bats
  5 kobolds (D:1)
  2 rats (D:1)
46 creatures vanquished.

Vanquished Creatures (collateral kills)
  2 ball pythons
  A quokka (D:1)
3 creatures vanquished.

Grand Total: 49 creatures vanquished

Notes
Turn   | Place    | Note
-------+----------+-------------------------------------------
     0 | D:1      | mightbedylan the Human Hedge Wizard began the quest for the
                  | Orb.
     0 | D:1      | Reached XP level 1. HP: 13/13 MP: 4/4
   201 | D:1      | Reached XP level 2. HP: 12/19 MP: 0/6
   500 | D:1      | Upgraded the game from 0.31-a0-940-gdaa99269f9 to
                  | 0.31-a0-949-g57150269e1
   597 | D:1      | Reached XP level 3. HP: 24/24 MP: 3/7
   652 | D:1      | Learned a level 2 spell: Blink
   655 | D:1      | Learned a level 2 spell: Call Imp
  1634 | D:2      | Reached XP level 4. HP: 27/30 MP: 5/8
  1853 | D:2      | Identified the +7 sling "Piffut" {elec, Dex+3}
  2085 | D:2      | Found a runed translucent door.
  2086 | D:2      | Noticed Crazy Yiuf
  2102 | D:2      | Mangled by Crazy Yiuf

Illustrated notes

Levels and vault maps discovered:
D:1:      heliophobic_arrival_dark_side_of_the_moon, layout_basic,
          minmay_crystal_room
D:2:      layout_loops_ring, minmay_puff, uniq_crazy_yiuf_cottage

Action                     |  1- 3 |  4- 6 || total
---------------------------+-------+-------++-------
  Melee: Dagger            |    70 |     4 ||    74
   Fire: Sling             |       |    16 ||    16
   Cast: Magic Dart        |    70 |     9 ||    79
         Call Imp          |     3 |     1 ||     4
         Blink             |     1 |     1 ||     2
    Use: Scroll            |       |     2 ||     2
 Armour: Robe              |    33 |    18 ||    51
  Dodge: Dodged            |    42 |    23 ||    65

Table legend: (Time is in decaauts)
 A = Elapsed time spent in this place.
 B = Non-inter-level travel time spent in this place.
 C = Inter-level travel time spent in this place.
 D = Time resting spent in this place.
 E = Time spent auto-exploring this place.
 F = Levels seen in this place.
 G = Mean time per level.
                   A        B        C        D        E       F      G
               +--------+--------+--------+--------+--------+-----+--------+
         Total |   2107 |   2082 |     25 |     60 |   1566 |   2 | 1053.5 |
       Dungeon |   2107 |   2082 |     25 |     60 |   1566 |   2 | 1053.5 |
               +--------+--------+--------+--------+--------+-----+--------+

Top non-repeatable levels by time:
     D:1: 1257 daAuts
     D:2: 849 daAuts
